 Dungeon Crawl Stone Soup version 0.21.1-1-g345015f (webtiles) character file.

333 letownia2 the Insei (level 6, -3/47 HPs)
             Began as a Merfolk Transmuter on Mar 14, 2018.
             Slain by an ogre
             ... wielding a +0 giant spiked club
              (27 damage)
             ... on level 3 of the Dungeon.
             The game lasted 00:06:46 (1206 turns).

letownia2 the Insei (Merfolk Transmuter)            Turns: 1206, Time: 00:06:46

Health: -3/47      AC:  6    Str: 12    XL:     6   Next: 52%
Magic:  14/18      EV: 12    Int: 13    God:
Gold:   88         SH:  0    Dex: 14    Spells: 3/9 levels left

rFire    . . .     SeeInvis .     - Unarmed
rCold    . . .     Gourm    .   (no shield)
rNeg     . . .     Faith    .   r - +0 leather armour
rPois    .         Spirit   .   (no helmet)
rElec    .         Reflect  .   l - +2 cloak {MR+}
rCorr    .         Harm     .   (no gloves)
MR       +....                  (no boots)
Stlth    +.........             (no amulet)
HPRegen  0.15/turn              f - ring of magical power
MPRegen  0.16/turn              (no ring)

@: very slightly contaminated
A: change form in water, swift swim, stealthy swim
a: no special abilities


You were on level 3 of the Dungeon.
You were not hungry.

You visited 1 branch of the dungeon, and saw 4 of its levels.

You collected 88 gold pieces.

Inventory:

Hand Weapons
 o - a +3 quarterstaff of chaos
 p - a +2 hand axe of chopping
 s - a +0 trident
Missiles
 a - 34 arrows
Armour
 b - a +0 robe
 l - a +2 cloak of magic resistance (worn)
 r - a +0 leather armour (worn)
Jewellery
 f - a ring of magical power (left hand)
 q - a +2 ring of strength {unknown}
Scrolls
 e - 3 scrolls of teleportation {unknown}
 i - 4 scrolls of identify {unknown}
 j - 2 scrolls of remove curse {unknown}
 k - 2 scrolls of amnesia {unknown}
 n - a scroll of blinking {unknown}
 w - a scroll of fog {unknown}
 x - a scroll of fear {unknown}
 y - a scroll of enchant armour {unknown}
Potions
 g - a potion of flight {unknown}
 h - a potion of heal wounds {unknown}
 m - a potion of mutation {unknown}
 t - 2 potions of curing {unknown}
 u - 3 potions of haste {unknown}
Books
 c - a book of Changes

   Spells                             Type                      Level
   a - Beastly Appendage              Transmutation                1
   b - Sticks to Snakes               Transmutation                2
   c - Spider Form                    Transmutation/Poison         3
   d - Ice Form                       Ice/Transmutation            4
   e - Blade Hands                    Transmutation                5
Comestibles
 d - a ration
 v - 2 chunks of flesh


   Skills:
 - Level 3.5 Fighting
 - Level 2.6 Dodging
 + Level 5.8 Unarmed Combat
 - Level 2.0 Spellcasting
 - Level 4.8 Transmutations
 - Level 1.0 Poison Magic


You had 3 spell levels left.
You knew the following spells:

 Your Spells              Type           Power        Failure   Level  Hunger
a - Beastly Appendage     Tmut           ##....       4%          1    ##.....
l - Sticks to Snakes      Tmut           ##......     7%          2    ###....
p - Spider Form           Tmut/Pois      #.........   28%         3    ####...


Dungeon Overview and Level Annotations

Branches:
Dungeon (4/15)
 Temple: D:4-7

Altars:
Ashenzari
Makhleb
Xom
Zin

Annotations:
D:4 TheNamelessOne's ghost, novice DsFE


Message History

You open the door.
An ogre comes into view. It is wielding a giant spiked club.
Your transformation has ended.
Your +2 cloak of magic resistance unmelds from your body.
Your +0 leather armour unmelds from your body.
You feel resistant to hostile enchantments.
There is an open door here.
The helpless ogre fails to defend itself.
You hit the ogre.
The ogre is lightly wounded.
The ogre hits you with a giant spiked club.
Unknown command.
Casting: Spider Form
Confirm with . or Enter, or press ? or * to list all spells.
You miscast Spider Form.
You are very lightly contaminated with residual magic.
Your skin glows momentarily.
The ogre hits you with a giant spiked club!!
Ouch! That really hurt!
You die...

##... ...
... ... #.#
#.# #O#
##@##
##...##
##.....##
#.....>.##
#.........#
+.........+
#.........#
##.......##
##.....##


You could see an ogre.

Vanquished Creatures
  A bullfrog (D:2)
  A water moccasin skeleton (D:3)
  A hound (D:4)
  2 orc priests (D:3)
  Crazy Yiuf (D:2)
  A worker ant (D:4)
  5 adders
  4 worms
  3 orcs (D:3)
  4 bats
  A giant cockroach (D:3)
  A goblin (D:2)
  A hobgoblin (D:2)
  3 jackals (D:3)
  2 kobolds (D:3)
  A quokka (D:2)
  A frilled lizard (D:2)
  2 rats
  A fungus (D:2)
36 creatures vanquished.

Notes
Turn   | Place    | Note
-------+----------+-------------------------------------------
     0 | D:1      | letownia2 the Merfolk Transmuter began the quest for the Orb.
     0 | D:1      | Reached XP level 1. HP: 15/15 MP: 3/3
   198 | D:2      | Reached XP level 2. HP: 21/21 MP: 5/5
   204 | D:2      | Learned a level 2 spell: Sticks to Snakes
   309 | D:3      | Reached skill level 4 in Unarmed Combat
   309 | D:3      | Reached XP level 3. HP: 22/26 MP: 6/6
   309 | D:3      | Reached XP level 4. HP: 27/32 MP: 7/7
   314 | D:3      | Learned a level 3 spell: Spider Form
   407 | D:3      | Reached skill level 1 in Poison Magic
   468 | D:2      | Found a burning altar of Makhleb.
   480 | D:2      | Found a glowing silver altar of Zin.
   480 | D:2      | Noticed an angel
   480 | D:2      | Noticed a blizzard demon
   523 | D:2      | Noticed a bullfrog
   532 | D:2      | Killed a bullfrog
   532 | D:2      | Reached XP level 5. HP: 35/38 MP: 8/8
   644 | D:2      | Found a runed door.
   651 | D:2      | Noticed Crazy Yiuf
   655 | D:2      | Killed Crazy Yiuf
   655 | D:2      | Reached skill level 5 in Unarmed Combat
   847 | D:3      | Reached XP level 6. HP: 27/47 MP: 9/9
   994 | D:4      | Found a shattered altar of Ashenzari.
  1013 | D:4      | Noticed TheNamelessOne's ghost (novice DsFE)
  1105 | D:4      | Found a shimmering altar of Xom.
  1206 | D:3      | Slain by an ogre

Skill      XL: |  1  2  3  4  5 |
---------------+----------------+-----
Transmutations | 3 4 |  4.8
Unarmed Combat | 4 5 |  5.8
Poison Magic   | 1 |  1.0
Fighting       | 2 3 |  3.5
Dodging        | |  2.6
Spellcasting   | |  2.0

Action                   |  1- 3 |  4- 6 || total
-------------------------+-------+-------++-------
Melee: Unarmed           |    34 |    89 ||   123
       Headbutt          |     5 |       ||     5
       Tailslap          |     1 |       ||     1
       Punch             |     1 |       ||     1
 Cast: Beastly Appendage |     6 |       ||     6
       Spider Form       |       |    12 ||    12
       Sticks to Snakes  |       |     2 ||     2
 Stab: Sleeping          |       |     2 ||     2
  Eat: Chunk             |       |     3 ||     3
Armor: Robe              |     4 |     1 ||     5
       Skin              |       |     3 ||     3
       Leather armour    |       |     2 ||     2
Dodge: Dodged            |    19 |    90 ||   109
